 Dungeon Crawl Stone Soup version 0.21.0-3-g78d12a8 (webtiles) character file.

46750 p0werm0de the Black Belt (level 14, -4/118 HPs)
             Began as a Barachi Enchanter on Jan 16, 2018.
             Was a Believer of Fedhas.
             Slain by a freezing wraith (23 damage)
             ... on level 13 of the Dungeon.
             The game lasted 01:22:45 (14242 turns).

p0werm0de the Black Belt (Barachi Enchanter)       Turns: 14242, Time: 01:22:46

Health: -4/118     AC: 13    Str: 15    XL:     14   Next: 38%
Magic:  2/24       EV: 21    Int: 18    God:    Fedhas [**....]
Gold:   230        SH:  0    Dex: 24    Spells: 6/27 levels left

rFire    + . .     SeeInvis +     - Unarmed
rCold    . . .     Gourm    .   (no shield)
rNeg     . . .     Faith    .   w - +0 troll leather armour
rPois    +         Spirit   .   N - +0 helmet of the Lich-sworn {Str+4 Int+2 SInv}
rElec    .         Reflect  .   n - +0 cloak
rCorr    .         Harm     .   i - +2 pair of gloves
MR       +....                  B - +0 pair of boots
Stlth    +++.......             f - amulet of regeneration
HPRegen  1.09/turn              e - +6 ring of dexterity
MPRegen  0.19/turn              u - ring "Qanatoke" {rPois rF+ AC+3 Dex+2}

@: confusing touch, can't hop, slowed, very slow
A: +LOS, swims, slowness 1, strong legs 2
a: Hop, Fungal Bloom, Evolution, Sunlight, Renounce Religion


You were on level 13 of the Dungeon.
You worshipped Fedhas.
Fedhas was pleased with you.
You were not hungry.

You visited 5 branches of the dungeon, and saw 25 of its levels.
You also visited: Sewer.

You collected 1606 gold pieces.
You spent 1376 gold pieces at shops.

Inventory:

Hand Weapons
 b - a +9 dagger of pain
 M - a +2 executioner's axe of flaming
Armour
 i - a +2 pair of gloves (worn)
 n - a +0 cloak (worn)
 w - a +0 troll leather armour (worn)
 B - a +0 pair of boots (worn)
 N - the +0 helmet of the Lich-sworn (worn) {Str+4 Int+2 SInv}
   (You bought it in a shop on level 2 of the Orcish Mines)

   It affects your strength (+4).
   It affects your intelligence (+2).
   It lets you see invisible.
Magical Staves
 C - an uncursed staff of energy
Jewellery
 e - a +6 ring of dexterity (left hand)
 f - an amulet of regeneration (around neck)
 h - an uncursed ring of protection from cold
 j - the amulet "Daofism" {RegenMP rF- rC+++ MP+9 Str-5}
   (You acquired it on level 5 of the Lair of Beasts)

   [amulet of magic regeneration]

   It increases your magic regeneration.
   It affects your strength (-5).
   It makes you vulnerable to fire.
   It renders you almost immune to cold.
   It affects your magic capacity (+9).
 m - an uncursed ring of see invisible
 u - the ring "Qanatoke" (right hand) {rPois rF+ AC+3 Dex+2}
   (You acquired it on level 4 of the Lair of Beasts)

   [ring of protection]

   It affects your AC (+3).
   It affects your dexterity (+2).
   It protects you from fire.
   It protects you from poison.
Wands
 g - a wand of flame (6)
 D - a wand of scattershot (4)
Scrolls
 l - a scroll of immolation
 o - 4 scrolls of magic mapping
 s - a scroll of fear
 x - 3 scrolls of remove curse
 y - a scroll of vulnerability
 A - 2 scrolls of enchant weapon
 F - a scroll of teleportation
Potions
 a - a potion of cancellation
 k - a potion of curing
 r - a potion of haste
 z - 2 potions of magic
 E - a potion of might
 H - a potion of invisibility
 I - a potion of heal wounds
Books
 c - a book of Maledictions

   Spells                             Type                      Level
   a - Corona                         Hexes                        1
   b - Ensorcelled Hibernation        Hexes/Ice                    2
   c - Confuse                        Hexes                        3
   d - Tukima's Dance                 Hexes                        3
   e - Dazzling Spray                 Conjuration/Hexes            3
 p - a book of Transfigurations

   Spells                             Type                      Level
   a - Irradiate                      Conjuration/Transmutation    5
   b - Statue Form                    Transmutation/Earth          6
   c - Hydra Form                     Transmutation                6
   d - Dragon Form                    Transmutation                7
 q - a book of Unlife

   Spells                             Type                      Level
   a - Recall                         Summoning/Translocation      3
   b - Animate Dead                   Necromancy                   4
   c - Borgnjor's Vile Clutch         Necromancy/Earth             5
   d - Death Channel                  Necromancy                   6
   e - Simulacrum                     Ice/Necromancy               6
 G - a book of Battle

   Spells                             Type                      Level
   a - Infusion                       Charms                       1
   b - Shroud of Golubria             Charms/Translocation         2
   c - Song of Slaying                Charms                       2
   d - Spectral Weapon                Hexes/Charms                 3
   e - Regeneration                   Charms/Necromancy            3
Miscellaneous
 t - a phial of floods (inert)
 v - a crystal ball of energy
 J - a lamp of fire (inert)
Comestibles
 d - 16 rations


   Skills:
 - Level 13.4 Fighting
 - Level 1.1 Short Blades
 - Level 9.8 Dodging
 - Level 2.6 Stealth
 - Level 16.7 Unarmed Combat
 * Level 7.3 Spellcasting
 - Level 4.2 Hexes
 - Level 4.2 Necromancy
 - Level 7.4 Invocations


You had 6 spell levels left.
You knew the following spells:

 Your Spells              Type           Power        Failure   Level  Hunger
a - Apportation           Tloc           #.....       13%         1    None
b - Corona                Hex            ###....      2%          1    None
c - Borgnjor's Vile Clut  Necr/Erth      ##........   83%         5    #####..
d - Death Channel         Necr           ###.......   98%         6    ######.
j - Swiftness             Chrm/Air       #.......     19%         2    None
q - Ensorcelled Hibernat  Hex/Ice        ##....       9%          2    None
u - Confusing Touch       Hex            ###...       2%          1    None
x - Confuse               Hex            ###.....     7%          3    #......


Dungeon Overview and Level Annotations

Branches:
Dungeon (13/15)            Temple (1/1) D:5            Lair (6/6) D:8
 Shoals (0/4) Lair:3        Snake (3/4) Lair:2          Orc (2/2) D:9
    Elf (0/3) Orc:2
  Slime: Lair:5-6    Vaults: D:13-14

Altars:
Dithmenos
Elyvilon
Fedhas
Gozag
Hepliaklqana
Kikubaaqudgha
Makhleb
Nemelex Xobeh
Okawaru
Qazlal
Ru
Sif Muna
Trog
Uskayaw
Vehumet
Wu Jian
Xom
Yredelemnul
Zin
The Shining One
Beogh

Shops:
D:4 *   Orc:2 :(*[   Snake:2 }

Annotations:
D:5 Monsterracer's ghost, novice DENe


Innate Abilities, Weirdness & Mutations

Shadows flee at your approach. (+LOS)
You can swim through water.
You cover ground slowly.
You can hop long distances.


Message History

You feel yourself slow down.
Okay, then.
Evoke which item? (* to show all) (? for menu, Esc to quit)
Okay, then.
You drop a scroll of identify.
The freezing wraith misses you.
The freezing wraith hits you but does no damage.
The freezing wraith hits you. The freezing wraith freezes you!
* * * LOW HITPOINT WARNING * * *
The freezing wraith barely misses you.
Okay, then.
Okay, then.
Okay, then.
Okay, then.
Casting: Confuse
Confirm with . or Enter, or press ? or * to list all spells.
Your hands begin to glow red.
The freezing wraith hits you!
* * * LOW HITPOINT WARNING * * *
The freezing wraith freezes you!!
You die...
Fedhas appreciates your contribution to the ecosystem.

....##.....#
##.#
###........#
#..##
#####....#
#...#
#..<.###.#.#
#..........#
#.########.#
...# ...#.#
# ##..#
..#.# #..#
#.#@# #..#
#?#W# #..
#†..# #...#
#...# #.#.#
#.#.#
...........#
...........#


You could see a freezing wraith.

Vanquished Creatures
  Gastronok (Lair:3)
  An orc warlord (Orc:2)
  2 hydras
  Erica (Lair:1)
  A centaur warrior (D:11)
  A shock serpent (Snake:1)
  A two-headed ogre (D:8)
  2 naga sharpshooters (Snake:1)
  An orc high priest (Orc:1)
  Nergalle (Lair:3)
  A deep troll (D:13)
  An unseen horror (D:10)
  An orc knight (Orc:2)
  A mana viper (Snake:2)
  2 orc sorcerers (Orc:2)
  A salamander (Snake:1)
  2 manticores
  13 elephants
  7 black mambas
  3 naga magi (Snake:1)
  A torpor snail (Lair:2)
  A spiny frog (Lair:5)
  3 komodo dragons
  2 rime drakes
  2 trolls
  Prince Ribbit (Lair:3)
  17 blink frogs
  6 hippogriffs
  13 dream sheep
  3 basilisks
  A wyvern (Lair:2)
  11 yaks
  2 wraiths
  A human (shapeshifter) (D:13)
  A hungry ghost (D:11)
  14 nagas
  2 water moccasins
  A warg (Orc:2)
  3 porcupines
  22 orc warriors
  An ice beast (D:12)
  3 phantoms
  A necrophage (D:5)
  5 sky beasts
  2 black bears
  8 ogres
  3 centaurs
  3 wolves (Lair:3)
  6 crocodiles
  Blork the orc (Orc:2)
  4 big kobolds
  15 bullfrogs
  A scorpion (D:11)
  3 wights (D:7)
  4 wandering mushrooms
  3 crimson imps
  A bullfrog zombie (D:5)
  A howler monkey (D:9)
  A quasit (D:9)
  A jelly (D:5)
  15 orc priests
  4 hounds
  15 orc wizards
  3 iguanas
  12 worker ants
  A killer bee zombie (D:6)
  A worker ant zombie (D:5)
  A howler monkey skeleton (D:9)
  4 gnolls
  22 adders
  A shadow imp (D:5)
  11 oozes (Sewer)
  An adder zombie (D:7)
  An adder skeleton (D:5)
  2 worms
  6 dart slugs
  13 leopard geckos
  50 orcs
  16 giant cockroaches
  8 goblins
  5 hobgoblins
  12 jackals
  6 quokkas
  11 ball pythons
  4 bats (D:1)
  13 frilled lizards
  8 kobolds
  A leopard gecko skeleton (D:5)
  A leopard gecko zombie (D:5)
  A quokka zombie (D:6)
  9 rats
  5 toadstools
481 creatures vanquished.

Vanquished Creatures (collateral kills)
  Rupert (Orc:2)
  2 two-headed ogres
  A naga sharpshooter (Snake:2)
  2 orc knights (Orc:2)
  An orc sorcerer (Orc:2)
  2 black mambas (Snake:1)
  A rime drake (Lair:2)
  3 spiny frogs
  A komodo dragon (D:8)
  A troll (Orc:2)
  2 blink frogs (Lair:1)
  2 dream sheep (Lair:2)
  A hippogriff (D:11)
  A wyvern (D:8)
  6 yaks
  2 basilisks
  3 nagas
  A porcupine (Lair:3)
  An acid dragon (D:8)
  A black bear (Lair:3)
  10 orc warriors
  4 killer bees (D:10)
  A gnoll sergeant (Orc:1)
  2 orc priests
  2 hounds
  5 orc wizards
  An iguana (D:8)
  5 gnolls
  15 orcs
80 creatures vanquished.

Vanquished Creatures (others)
  2 killer bees (D:10)
  An orc wizard (Orc:1)
  An iguana (D:10)
  38 wandering mushrooms
  2 fungi
  2 plants (Lair:4)
  373 toadstools
419 creatures vanquished.

Grand Total: 980 creatures vanquished

Notes
Turn   | Place    | Note
-------+----------+-------------------------------------------
     0 | D:1      | p0werm0de the Barachi Enchanter began the quest for the Orb.
     0 | D:1      | Reached XP level 1. HP: 13/13 MP: 3/3
   101 | D:1      | Reached skill level 1 in Fighting
   135 | D:2      | Reached XP level 2. HP: 21/21 MP: 5/5
   139 | D:2      | Learned a level 2 spell: Ensorcelled Hibernation
   357 | D:1      | Reached skill level 3 in Dodging
   371 | D:1      | Reached skill level 2 in Fighting
   376 | D:1      | Reached XP level 3. HP: 27/27 MP: 6/6
   489 | D:1      | Learned a level 3 spell: Confuse
   634 | D:3      | Found a glowing drain.
   647 | D:3      | Reached skill level 3 in Fighting
   647 | D:3      | Reached XP level 4. HP: 18/35 MP: 1/7
   675 | Sewer    | Entered a sewer
   806 | Sewer    | Reached skill level 4 in Dodging
   860 | Sewer    | Reached XP level 5. HP: 38/42 MP: 3/8
  1023 | Sewer    | Reached skill level 4 in Fighting
  1213 | Sewer    | Reached skill level 5 in Dodging
  1213 | Sewer    | Reached XP level 6. HP: 50/50 MP: 1/9
  1216 | Sewer    | Reached skill level 5 in Fighting
  1251 | Sewer    | HP: 5/51 [bullfrog (3)]
  1667 | D:4      | Found Zin's Purification Station.
  1667 | D:4      | Found a glowing silver altar of Zin.
  1703 | D:4      | Reached XP level 7. HP: 48/57 MP: 3/10
  1760 | D:5      | Entered Level 5 of the Dungeon
  1805 | D:4      | Reached skill level 6 in Fighting
  1805 | D:4      | Reached skill level 6 in Dodging
  1908 | D:4      | Reached skill level 4 in Hexes
  2418 | D:5      | Found a staircase to the Ecumenical Temple.
  2434 | Temple   | Entered the Ecumenical Temple
  2658 | D:5      | Found a blossoming altar of Fedhas.
  2669 | D:5      | Became a worshipper of Fedhas Madash
  2687 | D:5      | Noticed Monsterracer's ghost (novice DENe)
  2894 | D:5      | Reached XP level 8. HP: 65/65 MP: 7/12
  2901 | D:5      | Reached skill level 3 in Spellcasting
  2938 | D:5      | Reached skill level 7 in Fighting
  2990 | D:5      | Reached skill level 7 in Dodging
  3417 | D:5      | Reached skill level 4 in Spellcasting
  3484 | D:6      | Found an iron altar of Okawaru.
  3776 | D:6      | Reached skill level 8 in Fighting
  3844 | D:6      | Reached XP level 9. HP: 63/73 MP: 8/16
  3863 | D:6      | Reached skill level 8 in Dodging
  3872 | D:6      | Reached * piety under Fedhas
  3994 | D:6      | Reached skill level 5 in Spellcasting
  4092 | D:7      | Learned a level 2 spell: Swiftness
  4110 | D:7      | Learned a level 1 spell: Apportation
  4112 | D:7      | Learned a level 1 spell: Confusing Touch
  4234 | D:7      | Found a bloodstained altar of Trog.
  4359 | D:7      | Reached skill level 1 in Unarmed Combat
  4500 | D:7      | Reached skill level 9 in Fighting
  4500 | D:7      | Reached skill level 2 in Unarmed Combat
  4610 | D:8      | Found a hazy altar of Hepliaklqana.
  4743 | D:8      | Reached skill level 3 in Unarmed Combat
  5005 | D:8      | Reached skill level 4 in Unarmed Combat
  5286 | D:9      | Noticed a two-headed ogre
  5305 | D:9      | Reached skill level 10 in Fighting
  5315 | D:9      | Killed a two-headed ogre
  5315 | D:9      | Reached skill level 5 in Unarmed Combat
  5316 | D:9      | Reached XP level 10. HP: 44/85 MP: 8/17
  5330 | D:9      | Got a smoking ring mail
  5342 | D:9      | Identified the cursed +0 ring mail of Qougoc {rElec Stlth+} (You found it on level 9 of the Dungeon)
  5453 | D:10     | Entered Level 10 of the Dungeon
  5463 | D:10     | Noticed a two-headed ogre
  5489 | D:10     | Killed a two-headed ogre
  5489 | D:10     | Reached skill level 11 in Fighting
  5489 | D:10     | Reached skill level 6 in Unarmed Combat
  5730 | D:10     | Noticed an unseen horror
  5752 | D:10     | Killed an unseen horror
  5752 | D:10     | Reached skill level 7 in Unarmed Combat
  5857 | D:11     | Noticed a skeletal warrior
  5869 | D:11     | Noticed a skeletal warrior
  5870 | D:11     | Noticed a skeletal warrior
  6018 | D:11     | Noticed a two-headed ogre
  6357 | D:9      | Found a staircase to the Orcish Mines.
  6446 | D:9      | Found a burning altar of Makhleb.
  6456 | D:8      | Found a shimmering altar of Xom.
  6555 | D:8      | Reached skill level 12 in Fighting
  6555 | D:8      | Reached skill level 8 in Unarmed Combat
  6700 | D:8      | Noticed a two-headed ogre
  6712 | D:8      | Killed a two-headed ogre
  6712 | D:8      | Reached skill level 9 in Unarmed Combat
  6712 | D:8      | Reached XP level 11. HP: 32/95 MP: 5/18
  6753 | D:8      | Found a staircase to the Lair.
  6793 | Lair:1   | Entered Level 1 of the Lair of Beasts
  6823 | Lair:1   | Reached skill level 13 in Fighting
  7058 | Lair:1   | Noticed Erica
  7150 | Lair:1   | Killed Erica
  7222 | Lair:1   | Reached skill level 10 in Unarmed Combat
  7419 | Lair:2   | Noticed a seven-headed hydra
  7577 | Lair:2   | Found a staircase to the Snake Pit.
  7635 | Lair:2   | Reached skill level 11 in Unarmed Combat
  7683 | Lair:2   | Found a blossoming altar of Fedhas.
  7784 | Lair:3   | Found a staircase to the Shoals.
  7848 | Lair:3   | HP: 8/98 [blink frog (13)]
  7960 | Lair:3   | Noticed Prince Ribbit
  8041 | Lair:3   | Noticed Gastronok
  8102 | Lair:3   | Reached skill level 12 in Unarmed Combat
  8152 | Lair:3   | Killed Prince Ribbit
  8326 | Lair:3   | Noticed Nergalle
  8332 | Lair:3   | Noticed a spectral orc warlord
  8366 | Lair:3   | Killed Nergalle
  8366 | Lair:3   | Reached skill level 1 in Invocations
  8366 | Lair:3   | Reached XP level 12. HP: 35/105 MP: 19/19
  8696 | Lair:3   | Killed Gastronok
  8696 | Lair:3   | Reached skill level 13 in Unarmed Combat
  8696 | Lair:3   | Reached skill level 2 in Invocations
  8804 | Lair:4   | Identified 3 scrolls of acquirement
  8839 | Lair:4   | Reached skill level 3 in Invocations
  8953 | Lair:4   | Got a twitching ivory ring
  8955 | Lair:4   | Identified the ring "Qanatoke" {rPois rF+ AC+3 Dex+2} (You acquired it on level 4 of the Lair of Beasts)
  8968 | Lair:4   | Reached skill level 14 in Unarmed Combat
  9004 | Lair:5   | Reached skill level 4 in Invocations
  9010 | Lair:5   | Got a wavering steel amulet
  9012 | Lair:5   | Identified the amulet "Daofism" {RegenMP rF- rC+++ MP+9 Str-5} (You acquired it on level 5 of the Lair of Beasts)
  9554 | Lair:5   | Reached skill level 5 in Invocations
  9631 | Lair:6   | Entered Level 6 of the Lair of Beasts
  9631 | Lair:6   | Noticed a seven-headed hydra
  9663 | Lair:6   | Noticed a four-headed hydra
  9663 | Lair:6   | Noticed a six-headed hydra
  9952 | Lair:4   | Reached skill level 15 in Unarmed Combat
  9952 | Lair:4   | Gained mutation: You can hop long distances. [Barachi growth]
  9952 | Lair:4   | Reached XP level 13. HP: 76/111 MP: 20/20
  9953 | Lair:4   | Reached ** piety under Fedhas
 10143 | Lair:2   | Reached skill level 6 in Invocations
 10424 | Orc:1    | Entered Level 1 of the Orcish Mines
 10450 | Orc:1    | Reached *** piety under Fedhas
 10533 | Orc:2    | Entered Level 2 of the Orcish Mines
 10967 | Orc:2    | Reached skill level 16 in Unarmed Combat
 11025 | Orc:2    | Noticed Blork the orc
 11046 | Orc:2    | Killed Blork the orc
 11072 | Orc:2    | Noticed an orc warlord
 11097 | Orc:2    | Killed an orc warlord
 11097 | Orc:2    | Reached skill level 7 in Invocations
 11242 | Orc:2    | Found a roughly hewn altar of Beogh.
 11291 | Orc:2    | Noticed Rupert
 11320 | Orc:2    | Killed Rupert
 11371 | Orc:2    | Found Yrritt's Book Emporium.
 11387 | Orc:2    | Found Echueg's General Store.
 11403 | Orc:2    | Found Iheat's Antique Armour Emporium.
 11419 | Orc:2    | Found Xiotiowa's Antique Weapon Emporium.
 11450 | Orc:2    | Bought the +0 helmet of the Lich-sworn {Str+4 Int+2 SInv} for 311 gold pieces
 11511 | Orc:2    | Bought a book of Unlife for 780 gold pieces
 11524 | Orc:2    | Learned a level 5 spell: Borgnjor's Vile Clutch
 11531 | Orc:2    | Learned a level 6 spell: Death Channel
 11570 | Orc:1    | Noticed a stone giant
 11600 | Orc:2    | Found a staircase to the Elven Halls.
 11653 | Orc:2    | Bought a pair of distressingly furry gloves for 285 gold pieces
 11663 | Orc:2    | Identified the +0 pair of gloves of Qazlal's Wrath {rN+} (You bought it in a shop on level 2 of the Orcish Mines)
 11977 | Snake:1  | Entered Level 1 of the Snake Pit
 11982 | Snake:1  | Reached skill level 1 in Necromancy
 12349 | Lair:2   | Reached skill level 2 in Necromancy
 12428 | Snake:1  | Reached skill level 9 in Dodging
 12438 | Snake:1  | Reached XP level 14. HP: 80/118 MP: 12/21
 12484 | Snake:1  | Reached skill level 3 in Necromancy
 12820 | Snake:2  | Reached skill level 4 in Necromancy
 13070 | Snake:2  | Found Ateatapu's Gadget Boutique.
 13716 | D:12     | Reached skill level 6 in Spellcasting
 14158 | D:13     | Reached skill level 7 in Spellcasting
 14242 | D:13     | Slain by a freezing wraith

Skill      XL: |  1  2  3  4  5  6  7  8  9 10 11 12 13 14 |
---------------+-------------------------------------------+-----
Fighting       | 1 2 3 4 5 6 8 10 12 13 | 13.4
Dodging        | 3 4 5 6 7 8 9 |  9.8
Hexes          | 4 |  4.2
Spellcasting   | 4 5 7 |  7.3
Unarmed Combat | 5 9 12 15 16 | 16.7
Invocations    | 1 5 7 |  7.4
Necromancy     | 2 4 |  4.2
Short Blades   | |  1.1
Stealth        | |  2.6

Action                   |  1- 3 |  4- 6 |  7- 9 | 10-12 | 13-15 || total
-------------------------+-------+-------+-------+-------+-------++-------
Melee: Dagger            |   116 |   320 |   762 |   214 |       ||  1412
       Falchion          |       |       |     1 |       |       ||     1
       Quarterstaff      |       |       |    33 |       |       ||    33
       Long sword        |       |       |    17 |       |       ||    17
       Punch             |       |       |     3 |    53 |    86 ||   142
       Unarmed           |       |       |       |   489 |   600 ||  1089
 Cast: Corona            |     1 |       |       |       |       ||     1
       Ensorcelled Hiber |     7 |    32 |    42 |     9 |       ||    90
       Confuse           |       |     4 |    47 |    42 |    29 ||   122
       Confusing Touch   |       |       |       |       |     1 ||     1
Invok: Fungal Bloom      |       |       |    10 |    59 |    58 ||   127
       Evolution         |       |       |     2 |    18 |    26 ||    46
 Abil: Hop               |       |     4 |     2 |     7 |     8 ||    21
Evoke: Wand              |       |       |    10 |    27 |    11 ||    48
       Phial of floods   |       |       |       |     1 |     2 ||     3
       Lamp of fire      |       |       |       |       |     2 ||     2
  Use: Potion            |       |     3 |     1 |    10 |     6 ||    20
       Scroll            |       |     4 |     7 |    18 |    10 ||    39
 Stab: Sleeping          |    13 |     9 |    28 |     8 |     7 ||    65
       Confused          |       |       |    13 |    15 |     9 ||    37
       Distracted        |       |       |       |     4 |     1 ||     5
  Eat: Chunk             |       |     4 |    10 |       |     1 ||    15
       Ration            |       |     1 |     4 |     6 |     5 ||    16
Armor: Robe              |    18 |    73 |       |       |       ||    91
       Leather armour    |       |    10 |     1 |       |       ||    11
       Ring mail         |       |       |   256 |   217 |    76 ||   549
       Troll leather arm |       |       |       |       |    94 ||    94
Dodge: Dodged            |    80 |   360 |   639 |   620 |   498 ||  2197
       Rpst.: Long sword |       |       |     6 |       |       ||     6
